 Dungeon Crawl Stone Soup version 0.16-a0-3770-gc215ce9 (console) character file.

3196 Kellhus the Destroyer (level 9, 61/61 HPs)
             Began as an Octopode Wizard on Jan 24, 2015.
             Was a Priest of Makhleb.
             Quit the game on level 8 of the Dungeon.
             The game lasted 00:20:45 (10986 turns).

Kellhus the Destroyer (Octopode Wizard)            Turns: 10986, Time: 00:20:45

Health: 61/61      AC:  1    Str:  6    XL:     9   Next: 96%
Magic:  1/22       EV: 14    Int: 23    God:    Makhleb [***...]
Gold:   450        SH:  0    Dex: 11    Spells: 5 memorised, 9 levels left

rFire  . . .     SeeInvis .     a - +1 short sword (drain)
rCold  . . .     Clarity  .     (no shield)
rNeg   . . .     SustAb   +     b - +0 hat
rPois  .         Gourm    .     k - amulet of regeneration
rElec  .         Spirit   .     q - ring of sustain abilities
rCorr  .         Warding  .     (no ring)
rMut   .         Stasis   .     (no ring)
MR     .....                    (no ring)
Stlth  +++.......               (no ring)
                                (no ring)
                                (no ring)
                                (no ring)

@: repel missiles, not resistant to hostile enchantments, fairly stealthy
A: almost no armour, amphibious, 8 rings, constrict 8, camouflage 1, gelatinous
body 1
a: Minor Destruction, Lesser Servant of Makhleb, Renounce Religion


You were on level 8 of the Dungeon.
You worshipped Makhleb.
Makhleb was most pleased with you.
You were hungry.

You visited 2 branches of the dungeon, and saw 9 of its levels.

You collected 450 gold pieces.

Inventory:

Hand weapons
 a - a +1 short sword of draining (weapon)
 C - a +1 whip of freezing
Armour
 b - a +0 hat (worn)
Jewellery
 k - an amulet of regeneration (around mantle)
 q - a ring of sustain abilities (left tentacle)
 D - an uncursed amulet of rage
Magical devices
 y - a wand of heal wounds (2)
 B - a wand of frost (21)
Scrolls
 e - 7 scrolls of remove curse {unknown}
 g - 4 scrolls of identify {unknown}
 h - 4 scrolls of teleportation {unknown}
 i - a scroll of fear {unknown}
 r - 3 scrolls of amnesia {unknown}
 s - 6 scrolls of noise {unknown}
 w - a scroll of fog {unknown}
Potions
 j - 2 potions of cure mutation {unknown}
 l - a potion of brilliance {unknown}
 m - a potion of agility {unknown}
 n - a potion of invisibility
 o - a potion of heal wounds {unknown}
 p - 2 potions of magic {unknown}
 u - a potion of restore abilities {unknown}
 v - 3 potions of mutation {unknown}
 x - a potion of cancellation {unknown}
 A - a potion of lignification {unknown}
Books
 c - a book of Minor Magic

   Spells                             Type                      Level
   a - Magic Dart                     Conjuration                  1
   b - Blink                          Translocation                2
   c - Call Imp                       Summoning                    2
   d - Repel Missiles                 Charms/Air                   2
   e - Slow                           Hexes                        2
   f - Conjure Flame                  Conjuration/Fire             3
   g - Mephitic Cloud                 Conjuration/Poison/Air       3
Comestibles
 d - 6 bread rations
 f - a meat ration
 t - 2 beef jerkies
 z - 2 slices of pizza
 F - 24 fruits


   Skills:
 - Level 5.0 Fighting
 - Level 6.0 Dodging
 - Level 2.6 Stealth
 - Level 6.0 Spellcasting
 + Level 9.7 Conjurations
   Level 1.0 Summonings
 - Level 1.0 Translocations


You had 9 spell levels left.
You knew the following spells:

 Your Spells              Type           Power        Failure   Level  Hunger
a - Magic Dart            Conj           ####         1%          1    None
b - Conjure Flame         Conj/Fire      ####....     4%          3    #......
c - Mephitic Cloud        Conj/Pois/Air  ###.....     10%         3    #......
l - Blink                 Tloc           N/A          10%         2    None
r - Repel Missiles        Chrm/Air       #.....       14%         2    None


Dungeon Overview and Level Annotations

Branches:
Dungeon (8/15)             Temple (1/1) D:4
   Lair: D:8-11

Altars:
Ashenzari
Cheibriados
Dithmenos
Elyvilon
Fedhas
Gozag
Kikubaaqudgha
Makhleb
Nemelex Xobeh
Okawaru
Qazlal
Ru
Sif Muna
Trog
Vehumet
Xom
Yredelemnul
Zin
The Shining One


Innate Abilities, Weirdness & Mutations

You cannot wear most types of armour.
You are amphibious.
You can wear up to eight rings at the same time.
You can use your tentacles to constrict many enemies at once.
Your skin changes colour to match your surroundings (Stealth).
Your rubbery body absorbs attacks (AC +1).


Message History

Confirm with . or Enter, or press ? or * to list all spells.
Aiming: Magic Dart
Press: ? - help, Shift-Dir - straight line, f/p - eye of draining
Aim: an eye of draining (lightly wounded)
The magic dart hits the eye of draining.
The eye of draining is lightly wounded.
The eye of draining gazes at you.
You feel your power leaking away.
A giant frog comes into view.
Casting: Magic Dart
Confirm with . or Enter, or press ? or * to list all spells.
You don't have enough magic to cast that spell.
Casting: Magic Dart
Confirm with . or Enter, or press ? or * to list all spells.
You don't have enough magic to cast that spell.
Casting: Magic Dart
Confirm with . or Enter, or press ? or * to list all spells.
You don't have enough magic to cast that spell.
The giant frog moves out of view.
Are you sure you want to abandon this character and quit the game? (Confirm with "yes".)

##..#######........#
#...^..............##
##....#####.....>....#
##...### ######.....##
## ###....# ####...###
.####.....## ###...##
....)......##### ###...
...............#######
###.
................@....#
#.
...........#######...##
## #..........# ###..#
###........# #..#
##....#... #..G#
##..####. ##..# . #
#..) ##..F ##..


There were no monsters in sight!

Vanquished Creatures
  Pikel (D:7)
  The ghost of trelanon the Cutter, an experienced VSAs of Okawaru (D:4)
  Grinder (D:5)
  The ghost of Vidiiot the Ruffian, an average TrEE (D:6)
  A black bear (D:7)
  A phantom (D:5)
  A sky beast (D:6)
  4 slaves (D:7)
  An ice beast (D:5)
  6 ogres
  2 giant frogs
  4 scorpions
  A centaur zombie (D:6)
  A quasit (D:6)
  An orc priest (D:5)
  5 orc wizards
  A gnoll shaman (D:4)
  2 jellies
  Crazy Yiuf (D:7)
  A giant frog skeleton (D:4)
  2 iguanas
  5 worker ants
  A hound skeleton (D:4)
  Robin (D:4)
  11 gnolls
  A shadow imp (D:4)
  11 adders
  5 worms
  An adder skeleton (D:6)
  3 giant geckos
  4 oozes
  22 orcs
  11 bats
  A bat skeleton (D:6)
  A bat zombie (D:6)
  17 goblins
  14 hobgoblins
  8 jackals
  15 kobolds
  4 quokkas
  A ball python (D:3)
  5 giant cockroaches
  A giant gecko skeleton (D:6)
  6 giant newts
  A jackal skeleton (D:7)
  13 rats
202 creatures vanquished.

Vanquished Creatures (others)
  A goblin (D:4)
  4 toadstools (D:1)
5 creatures vanquished.

Grand Total: 207 creatures vanquished

Notes
Turn   | Place    | Note
--------------------------------------------------------------
     0 | D:1      | Kellhus, the Octopode Wizard, began the quest for the Orb.
     0 | D:1      | Reached XP level 1. HP: 11/11 MP: 4/4
   259 | D:1      | Reached XP level 2. HP: 17/17 MP: 1/6
  1137 | D:1      | Reached XP level 3. HP: 6/21 MP: 0/7
  1388 | D:2      | Found a sacrificial altar of Ru.
  2064 | D:2      | Reached XP level 4. HP: 27/27 MP: 2/9
  2292 | D:2      | Reached skill level 4 in Conjurations
  2725 | D:3      | Reached XP level 5. HP: 25/31 MP: 2/11
  2885 | D:3      | Found a stormy altar of Qazlal.
  2952 | D:3      | Found a deep blue altar of Sif Muna.
  2952 | D:3      | Found a shattered altar of Ashenzari.
  3160 | D:3      | Reached skill level 5 in Conjurations
  3862 | D:4      | Noticed Robin
  4117 | D:3      | Reached XP level 6. HP: 36/36 MP: 10/12
  4157 | D:4      | Reached skill level 6 in Conjurations
  4229 | D:4      | Noticed an ogre
  4249 | D:3      | Learned a level 3 spell: Conjure Flame
  4253 | D:3      | Learned a level 3 spell: Mephitic Cloud
  4307 | D:4      | Noticed trelanon's ghost (experienced VSAs)
  4419 | D:4      | Killed an ogre
  4528 | D:4      | Killed trelanon's ghost
  4528 | D:4      | Reached skill level 7 in Conjurations
  4528 | D:4      | Reached XP level 7. HP: 41/41 MP: 0/14
  5070 | D:4      | Killed Robin
  5523 | D:4      | Found a staircase to the Ecumenical Temple.
  5622 | Temple   | Entered the Ecumenical Temple
  5707 | Temple   | Became a worshipper of Makhleb the Destroyer
  6032 | D:4      | Reached XP level 8. HP: 29/46 MP: 8/19
  6080 | D:4      | Reached skill level 5 in Spellcasting
  6376 | D:4      | Learned a level 2 spell: Blink
  6379 | D:4      | Learned a level 2 spell: Repel Missiles
  6404 | D:5      | Entered Level 5 of the Dungeon
  6748 | D:5      | Acquired Makhleb's first power
  6862 | D:5      | Found a blossoming altar of Fedhas.
  6864 | D:5      | Found an ancient bone altar of Kikubaaqudgha.
  7159 | D:5      | Noticed Grinder
  7169 | D:5      | Paralysed by Grinder for 4 turns
  7173 | D:5      | Killed Grinder
  7339 | D:6      | Noticed Vidiiot's ghost (average TrEE)
  7339 | D:6      | Reached skill level 8 in Conjurations
  7425 | D:6      | Killed Vidiiot's ghost
  7575 | D:6      | Reached XP level 9. HP: 43/57 MP: 7/22
  8292 | D:6      | Reached skill level 5 in Dodging
  8564 | D:6      | Acquired Makhleb's second power
  9125 | D:7      | Found a basalt altar of Yredelemnul.
  9229 | D:7      | Noticed Crazy Yiuf
  9235 | D:7      | Killed Crazy Yiuf
  9468 | D:7      | Noticed Pikel
  9655 | D:7      | Found a glowing golden altar of the Shining One.
 10198 | D:7      | Killed Pikel
 10198 | D:7      | Reached skill level 9 in Conjurations
 10445 | D:7      | Reached skill level 5 in Fighting
 10936 | D:8      | Acquired Makhleb's third power
 10986 | D:8      | Quit the game

Action                   |  1- 3 |  4- 6 |  7- 9 || total
-------------------------+-------+-------+-------++-------
Melee: Unarmed           |    15 |       |       ||    15
       Short sword       |       |     3 |    16 ||    19
 Cast: Magic Dart        |   103 |   168 |   492 ||   763
       Conjure Flame     |       |     2 |    27 ||    29
       Mephitic Cloud    |       |       |    10 ||    10
       Blink             |       |       |     8 ||     8
       Repel Missiles    |       |       |     1 ||     1
  Eat: Chunk             |     3 |     7 |    21 ||    31
       Royal jelly       |       |       |     1 ||     1
